 Dungeon Crawl Stone Soup version 0.30.0 (webtiles) character file.

Game seed: 8021038316029822455

5445 Minorbread the Basher (level 10, -7/110 HPs)
             Began as an Ogre Warper on June 2, 2023.
             Was a Believer of the Shining One.
             Mangled by a skeletal warrior
             ... wielding a +0 halberd
              (24 damage)
             ... on level 9 of the Dungeon.
             The game lasted 00:20:56 (13508 turns).

Minorbread the Basher (Ogre Warper)                Turns: 13508, Time: 00:20:56

Health: -7/110     AC:  3    Str: 21    XL:     10   Next: 68%
Magic:  14/14      EV: 14    Int: 14    God:    the Shining One [**....]
Gold:   376        SH:  0    Dex:  8    Spells: 9/15 levels left

rFire   . . .        n - +0 giant club
rCold   . . .        (shield currently unavailable)
rNeg    + . .        b - +0 robe
rPois   +            (helmet restricted)
rElec   .            (no cloak)
rCorr   .            (gloves unavailable)
SInv    .            (boots unavailable)
Will    +....        (no amulet)
Stlth   +            e - +5 ring of evasion
HPRegen 0.38/turn    A - ring of poison resistance
MPRegen 0.14/turn

%: no passive effects
@: mighty, glowing, studying Hexes
A: large, unfitting armour, tough skin 1, no potion heal 1
a: Renounce Religion, Divine Shield


You were on level 9 of the Dungeon.
You worshipped the Shining One.
The Shining One was pleased with you.
You visited 2 branches of the dungeon, and saw 10 of its levels.

You collected 527 gold pieces.
You spent 151 gold pieces at shops.

Inventory:

Hand Weapons
 g - a +5 flail
 h - a +1 whip of electrocution
 n - a +0 giant club (weapon)
 s - the +5 dagger "Bafin" {heavy, Drain rCorr Str+5}
   (You found it on level 3 of the Dungeon)

   Str:       It affects your strength (+5).
   rCorr:     It protects you from acid and corrosion.
   Drain:     It drains your maximum health when unequipped.
Missiles
 m - 4 boomerangs (quivered)
 x - 2 throwing nets
Armour
 b - a +0 robe (worn)
Jewellery
 e - a +5 ring of evasion (left hand)
 u - a ring of positive energy
 v - a ring of resist corrosion
 A - a ring of poison resistance (right hand)
 F - a ring of magical power
Wands
 d - a wand of polymorph (15)
Scrolls
 f - 2 scrolls of teleportation
 k - 2 scrolls of fear
 l - 2 scrolls of immolation
 o - 2 scrolls of fog
 q - 2 scrolls of vulnerability
 w - a scroll of amnesia
 y - 4 scrolls of identify
 C - 6 scrolls of poison
 G - a scroll of brand weapon {unknown}
Potions
 a - a potion of invisibility {unknown}
 c - 2 potions of mutation
 i - a potion of flight {unknown}
 j - 2 potions of curing
 p - a potion of berserk rage {unknown}
 r - 3 potions of attraction
 t - 3 potions of lignification {unknown}
 D - a potion of haste {unknown}
 E - 2 potions of cancellation {unknown}


   Skills:
 - Level 10.0 Fighting
 * Level 11.8 Maces & Flails
 - Level 3.1 Throwing
 - Level 2.1 Dodging
 - Level 3.0 Spellcasting
 - Level 4.4 Translocations


You had 9 spell levels left.
You knew the following spells:

 Your Spells              Type           Power      Damage    Failure   Level
a - Blink                 Tloc           28%        N/A       5%          2
b - Manifold Assault      Tloc           14%        N/A       34%         4

Your spell library contained the following spells:

 Spells                   Type           Power      Damage    Failure   Level
 Lesser Beckoning         Tloc           28%        N/A       5%          2
 Teleport Other           Tloc           14%        N/A       11%         3
 Freeze                   Ice            8%         1d3       22%         1
 Vhi's Electric Charge    Tloc/Air       16%        N/A       26%         3
 Volatile Blastmotes      Fire/Tloc      16%        2d11      26%         3
 Dazzling Flash           Conj/Hex       4%         N/A       54%         3
 Frozen Ramparts          Ice            4%         1d1       54%         3
 Hailstorm                Conj/Ice       2%         3d3       54%         3
 Inner Flame              Hex/Fire       2%         N/A       54%         3
 Iskenderun's Mystic Bla  Conj/Tloc      8%         2d4       65%         4
 Summon Lightning Spire   Summ/Air       2%         N/A       91%         4
 Yara's Violent Unravell  Hex/Tmut       1%         3d3       99%         5
 Starburst                Conj/Fire      1%         6d3       100%        6
 Enfeeble                 Hex            1%         N/A       100%        7
 Storm Form               Tmut/Air       1%         N/A       100%        7
 Maxwell's Capacitive Co  Air            1%         ∞         100%        8


Dungeon Overview and Level Annotations

Branches:
Dungeon (9/15)             Temple (1/1) D:4
   Lair: D:8-11         Orc: D:9-12

Altars:
Ashenzari
Cheibriados
Dithmenos
Elyvilon
Gozag
Hepliaklqana
Kikubaaqudgha
Makhleb
Nemelex Xobeh
Okawaru
Ru
Sif Muna
Trog
Uskayaw
Vehumet
Wu Jian
Xom
Yredelemnul
Zin
The Shining One

Shops:
D:6 *

Annotations:
D:4 3 runed translucent doors, IceLeopardTea's ghost, amateur KoBr
D:8 exclusions: 2 centaurs and 1 more exclusion


Innate Abilities, Weirdness & Mutations

You are too large for most types of armour.
You have tough skin. (AC +1)
Potions are less effective at restoring your health.


Message History

Press: ? - help, Q - select action, (/) - cycle Shift-Dir - straight line, f/p - skeletal warrior
Aim: a skeletal warrior, wielding a +0 halberd (lightly damaged, haloed, 79% to hit)
You throw a boomerang.
The boomerang barely misses the skeletal warrior.
The skeletal warrior hits you from afar with a +0 halberd!!
The skeletal warrior hits you with a +0 halberd!
You sock the skeletal warrior!
The skeletal warrior is moderately damaged.
The skeletal warrior hits you with a +0 halberd!!
You are too injured to fight recklessly!
You are too injured to fight recklessly!
You hit the skeletal warrior but do no damage.
The skeletal warrior is moderately damaged.
The skeletal warrior closely misses you.
You thump the skeletal warrior!
The skeletal warrior is moderately damaged.
The skeletal warrior misses you.
You barely miss the skeletal warrior.
The skeletal warrior is moderately damaged.
The skeletal warrior closely misses you.
You barely miss the skeletal warrior.
The skeletal warrior is moderately damaged.
The skeletal warrior closely misses you.
You hit the skeletal warrior but do no damage.
The skeletal warrior is moderately damaged.
The skeletal warrior hits you with a +0 halberd!!
* * * LOW HITPOINT WARNING * * *
You completely miss the skeletal warrior.
The skeletal warrior is moderately damaged.
The skeletal warrior barely misses you.
You hit the skeletal warrior but do no damage.
The skeletal warrior is moderately damaged.
The skeletal warrior hits you with a +0 halberd!!
* * * LOW HITPOINT WARNING * * *
You feel very mighty all of a sudden. The skeletal warrior barely misses you.
You bludgeon the skeletal warrior!!
The skeletal warrior is severely damaged.
The skeletal warrior hits you with a +0 halberd!!
You die...

###.##..._ #..+....
####.... ############
#....
#..........####..# #
#.########.#......
#.#.# #.#......
###.#z###### #.#......
#....@#....# #.#......
#.###.#.##.###.#......
#.#.#<#.##...#.#......
#.#...#.####.#.###....
#.#.###.# #.#.# ##...
#.#.#...# #.#.####...
#.#.#.### #.#...)....
#.#)#.######.#..#####.
#.#.......##.#..# .


You could see a skeletal warrior.

Vanquished Creatures
  A centaur warrior (D:8)
  A troll (D:7)
  Sigmund (D:2)
  A wyvern (D:9)
  8 yaks
  Menkaure (D:7)
  A water moccasin (D:3)
  A floating eye (D:6)
  An orc warrior (D:8)
  A sky beast (D:8)
  An ice beast (D:7)
  4 centaurs
  2 ogres
  A phantom (D:5)
  A kobold brigand (D:6)
  4 bullfrogs
  A scorpion (D:5)
  10 wights
  A killer bee (D:8)
  3 howler monkeys
  2 hounds
  4 gnoll boudas
  2 jellies
  3 sleepcaps
  5 iguanas
  5 orc wizards
  Terence (D:6)
  Robin (D:3)
  7 adders
  16 gnolls
  3 shadow imps
  An ufetubus (D:4)
  2 worms (D:3)
  2 dart slugs
  17 orcs
  4 ball pythons
  6 bats
  12 endoplasms
  6 giant cockroaches
  13 hobgoblins
  A jackal (D:3)
  A quokka (D:3)
  3 frilled lizards (D:1)
  21 goblins
  11 kobolds
  13 rats
207 creatures vanquished.

Vanquished Creatures (others)
  An orc wizard (D:6)
  3 fungi (D:4)
  A plant (D:4)
5 creatures vanquished.

Grand Total: 212 creatures vanquished

Notes
Turn   | Place    | Note
-------+----------+-------------------------------------------
     0 | D:1      | Minorbread the Ogre Warper began the quest for the Orb.
     0 | D:1      | Reached XP level 1. HP: 22/22 MP: 3/3
    86 | D:1      | Reached skill level 2 in Maces & Flails
   152 | D:1      | Reached XP level 2. HP: 24/31 MP: 5/5
   585 | D:1      | Found Gevvit's Antique Weapon Shop.
  1281 | D:2      | Reached XP level 3. HP: 39/39 MP: 6/6
  1312 | D:2      | Learned a level 2 spell: Blink
  1695 | D:2      | Reached XP level 4. HP: 48/48 MP: 7/7
  1749 | D:2      | Reached skill level 3 in Maces & Flails
  1793 | D:2      | Noticed Sigmund
  1820 | D:2      | Killed Sigmund
  1821 | D:2      | Reached skill level 5 in Fighting
  1821 | D:2      | Reached skill level 4 in Maces & Flails
  1821 | D:2      | Reached XP level 5. HP: 19/59 MP: 8/8
  1821 | D:2      | Reached XP level 6. HP: 22/67 MP: 9/9
  2386 | D:3      | Noticed Robin
  2398 | D:3      | Noticed Terence
  2624 | D:3      | Learned a level 4 spell: Manifold Assault
  2709 | D:3      | Killed Robin
  3221 | D:3      | Found a sparkling altar of Nemelex Xobeh.
  3805 | D:3      | Identified the +5 dagger "Bafin" {heavy, Drain rCorr Str+5}
  3853 | D:3      | Noticed a water moccasin
  3854 | D:3      | Gained mutation: Potions are less effective at restoring
                  | your health. [potion of mutation]
  3866 | D:3      | Killed a water moccasin
  4376 | D:4      | Reached XP level 7. HP: 63/76 MP: 11/11
  4517 | D:4      | Found a staircase to the Ecumenical Temple.
  4523 | Temple   | Entered the Ecumenical Temple
  4730 | D:4      | Found a broken altar of Ashenzari.
  5003 | D:4      | Found a runed translucent gate.
  5004 | D:4      | Found a runed translucent gate.
  5004 | D:4      | Found a runed translucent gate.
  5004 | D:4      | Noticed IceLeopardTea's ghost (amateur KoBr)
  5350 | D:5      | Entered Level 5 of the Dungeon
  5786 | D:5      | Reached skill level 5 in Maces & Flails
  6351 | D:5      | Reached XP level 8. HP: 27/87 MP: 12/12
  6626 | Temple   | Became a worshipper of the Shining One
  8065 | D:5      | Found a sacrificial altar of Ru.
  8156 | D:6      | Killed Terence
  8442 | D:6      | Found Boko's Assorted Antiques.
  8503 | D:6      | Bought a scroll of identify for 44 gold pieces
  8503 | D:6      | Bought a scroll labelled PATA APNOEPLORPH for 22 gold
                  | pieces
  8503 | D:6      | Bought 3 scrolls labelled PATA APNOEPLORPH for 66 gold
                  | pieces
  8503 | D:6      | Bought a fuming golden potion for 19 gold pieces
  9171 | D:6      | Noticed a boulder beetle
  9177 | D:6      | a boulder beetle changed into a floating eye
  9179 | D:6      | Paralysed by a floating eye for 3 turns
  9184 | D:6      | Reached skill level 6 in Maces & Flails
  9563 | D:7      | Reached XP level 9. HP: 63/98 MP: 13/13
  9699 | D:7      | Reached skill level 7 in Maces & Flails
  9960 | D:7      | Found a bloodstained altar of Trog.
 10290 | D:7      | Reached * piety under the Shining One
 10416 | D:7      | Noticed Menkaure
 10419 | D:7      | Killed Menkaure
 10420 | D:7      | Reached skill level 8 in Maces & Flails
 10432 | D:7      | Noticed a troll
 10439 | D:7      | Killed a troll
 10440 | D:7      | Reached skill level 10 in Fighting
 11147 | D:8      | Reached skill level 9 in Maces & Flails
 11224 | D:8      | Noticed a centaur warrior
 11228 | D:8      | Killed a centaur warrior
 11229 | D:8      | Reached skill level 10 in Maces & Flails
 11229 | D:8      | Reached XP level 10. HP: 71/110 MP: 14/14
 11566 | D:8      | Found a shimmering blue altar of Sif Muna.
 12005 | D:8      | Found a basalt altar of Yredelemnul.
 12578 | D:9      | Reached ** piety under the Shining One
 12598 | D:9      | Reached skill level 11 in Maces & Flails
 13230 | D:9      | Found a shadowy altar of Dithmenos.
 13245 | D:9      | Noticed a skeletal warrior
 13246 | D:9      | Noticed a manticore
 13508 | D:9      | Mangled by a skeletal warrior

Illustrated notes

Levels and vault maps discovered:
D:1:      evilmike_arrival_hilbert_curve, layout_basic, serial_shops,
          nicolae_shop_hallway_plus
D:2:      layout_basic, uniq_sigmund
D:3:      minmay_bubble_buster, layout_basic, nemelex_spade_bored_becter,
          serial_park_tiny_1, minmay_misc_feat_secret_circle, uniq_terence,
          uniq_robin
D:4:      layout_loops_corners, ashenzari_conservatory_becter,
          minmay_temple_entry_wispy, gammafunk_ghost_nasty_kobolds
D:5:      layout_basic, nicolae_ru_awakened_eye, serial_glass, glass_columns_a,
          glass_columns_a, glass_columns_a, glass_columns_b
D:6:      layout_basic, serial_shops, shop, chequers_serial_rivers_large_b,
          minmay_manual_monolith
D:7:      layout_loops_corners, kennysheep_mini, uniq_menkaure
D:8:      cheibrodos_barr_body, layout_basic, kennysheep_orc_sif_temple,
          lemuel_coloured_pillars_altar, enter_bailey_7, centaur_isle
D:9:      layout_basic, grunt_dithmenos_smoke, minivault_20
Temple:   nicolae_temple_bog_church

Skill      XL: |  1  2  3  4  5  6  7  8  9 10 |
---------------+-------------------------------+-----
Fighting       | 3 4 5 6 7 9 10 | 10.0
Maces & Flails | 2 4 5 6 10 11 | 11.8
Spellcasting   | 3 |  3.0
Translocations | 3 4 |  4.4
Throwing       | 2 3 |  3.1
Dodging        | |  2.1

Action                     |  1- 3 |  4- 6 |  7- 9 | 10-12 || total
---------------------------+-------+-------+-------+-------++-------
  Melee: Mace              |   100 |   239 |       |       ||   339
         Flail             |       |     7 |    84 |       ||    91
         Punch             |       |     4 |     1 |       ||     5
         Giant club        |       |       |   237 |    86 ||   323
  Throw: Boomerang         |       |    16 |     9 |     3 ||    28
   Cast: Blink             |       |       |     1 |     1 ||     2
 Invoke: Divine Shield     |       |       |       |     1 ||     1
  Evoke: Wand              |       |       |     4 |     5 ||     9
    Use: Potion            |       |     3 |     2 |     1 ||     6
         Scroll            |       |     2 |    10 |       ||    12
 Armour: Robe              |    35 |    69 |    52 |     4 ||   160
  Dodge: Dodged            |    51 |   126 |   152 |    56 ||   385
  Block: Other             |       |       |       |     2 ||     2
